 Dungeon Crawl Stone Soup version 0.26-a0-863-g3bff4b215c (webtiles) character file.

Game seed: 4079428715387992242

30 karrick the Chopper (level 3, 28/28 HPs)
             Began as a Demonspawn Gladiator on Nov 26, 2020.
             Quit the game on level 1 of the Dungeon.
             The game lasted 00:00:49 (625 turns).

karrick the Chopper (Demonspawn Gladiator)           Turns: 625, Time: 00:00:49

Health: 28/28      AC:  4    Str: 14    XL:     3   Next: 3%
Magic:  3/3        EV: 12    Int: 10    God:
Gold:   25         SH:  0    Dex: 14    Spells: 2/2 levels left

rFire    . . .     SeeInvis .   a - +0 war axe
rCold    . . .     Faith    .   (no shield)
rNeg     . . .     Spirit   .   b - +0 leather armour
rPois    .         Reflect  .   c - +0 helmet
rElec    .         Harm     .   (no cloak)
rCorr    .         Rampage  .   (no gloves)
MR       .....                  (no boots)
Stlth    +.........             (no amulet)
HPRegen  0.09/turn              (no ring)
MPRegen  0.08/turn              (no ring)

@: no status effects
A: hooves 1, spiny 1
a: no special abilities


You were on level 1 of the Dungeon.
You visited 1 branch of the dungeon, and saw 1 of its levels.

You collected 25 gold pieces.

Inventory:

Hand Weapons
 a - a +0 war axe (weapon)
Missiles
 d - 3 throwing nets (quivered)
Armour
 b - a +0 leather armour (worn)
 c - a +0 helmet (worn)
Scrolls
 e - a scroll of identify {unknown}
 f - a scroll of amnesia {unknown}
 h - a scroll of magic mapping {unknown}
Potions
 g - a potion of curing {unknown}
 i - a potion of flight {unknown}
 j - a potion of invisibility {unknown}


   Skills:
 + Level 2.4 Fighting
 + Level 3.4 Axes
 - Level 1.8 Throwing
 + Level 0.1 Armour
 + Level 2.8 Dodging


You had 2 spell levels left.
You didn't know any spells.
Your spell library was empty.

Dungeon Overview and Level Annotations

Branches:
Dungeon (1/15)

Altars:


Innate Abilities, Weirdness & Mutations

You have large cloven feet.
You are partially covered in sharp spines.


Message History

You hit the kobold.
You kill the kobold!
No target in view!
No target in view!
No target in view!
No target in view!
No target in view!
No target in view!
No target in view!
No target in view!
No target in view!
No target in view!
No target in view!
No target in view!
No target in view!
No target in view!
No target in view!
No target in view!
Unknown command.
Are you sure you want to abandon this character and quit the game? (Confirm with "yes".)

....##..###.######
.(......)÷..#
.....####.### ....##
#...# ....# ###.# ....#
#...########
...######.#........#
...# #.......##†##..r.
...# #.##.##.#.(@# .
...# #.#...#...††)......
#### #...........#......
..####.#...#.##.##......
#......##..#...... .....
######..).....#..##.....
##.##.##.#... ....
#.#.... .... ....
#.......#...


There were no monsters in sight!

Vanquished Creatures
  2 dart slugs (D:1)
  4 bats (D:1)
  4 goblins (D:1)
  2 hobgoblins (D:1)
  2 frilled lizards (D:1)
  5 kobolds (D:1)
  6 rats (D:1)
25 creatures vanquished.

Notes
Turn   | Place    | Note
-------+----------+-------------------------------------------
     0 | D:1      | karrick the Demonspawn Gladiator began the quest for the
                  | Orb.
     0 | D:1      | Reached XP level 1. HP: 16/16 MP: 1/1
   122 | D:1      | Reached skill level 3 in Axes
   239 | D:1      | Gained mutation: You are partially covered in sharp spines.
                  | [demonic ancestry]
   239 | D:1      | Reached XP level 2. HP: 22/22 MP: 2/2
   622 | D:1      | Gained mutation: You have large cloven feet. [demonic
                  | ancestry]
   622 | D:1      | Reached XP level 3. HP: 28/28 MP: 3/3
   625 | D:1      | Quit the game

Illustrated notes

Levels and vault maps discovered:
D:1:      scummos_arrival_checkerplants, layout_rooms,
          hangedman_decor_peaks_small, serial_bayou_ford_a,
          hangedman_decor_clover_reticule, corexii_leaking_fountain,
          chequers_serial_rivers_micro_d

Skill      XL: |  1 |
---------------+----+-----
Axes           | 3 |  3.4
Fighting       | |  2.4
Throwing       | |  1.8
Armour         | |  0.1
Dodging        | |  2.8

Action                   || total
-------------------------++-------
Melee: War axe           ||    44
Armor: Leather armour    ||    14
Dodge: Dodged            ||    37

Table legend: (Time is in decaauts)
 A = Elapsed time spent in this place.
 B = Non-inter-level travel time spent in this place.
 C = Inter-level travel time spent in this place.
 D = Time resting spent in this place.
 E = Time spent auto-exploring this place.
 F = Levels seen in this place.
 G = Mean time per level.
                   A        B        C        D        E       F      G
               +--------+--------+--------+--------+--------+-----+--------+
         Total |    650 |    650 |      0 |      0 |    490 |   1 |  650.0 |
       Dungeon |    650 |    650 |      0 |      0 |    490 |   1 |  650.0 |
               +--------+--------+--------+--------+--------+-----+--------+

Top non-repeatable levels by time:
     D:1: 650 daAuts
